 Dungeon Crawl Stone Soup version 0.16-a0-4083-g5af668b (webtiles) character file.

72 dysrexia the Slasher (level 4, 0/33 HPs)
             Began as a Demonspawn Gladiator on Feb 22, 2015.
             Slain by a worm (9 damage)
             ... on level 2 of the Dungeon.
             The game lasted 00:06:43 (1816 turns).

dysrexia the Slasher (Demonspawn Gladiator)         Turns: 1816, Time: 00:06:43

Health: 0/33       AC:  9    Str: 17    XL:     4   Next: 6%
Magic:  4/4        EV: 12    Int:  9    God:
Gold:   117        SH:  0    Dex: 12    Spells: 0 memorised, 3 levels left

rFire  . . .     SeeInvis .     a - +0 long sword
rCold  . . .     Clarity  .     b - +0 leather armour
rNeg   . . .     SustAb   .     (no shield)
rPois  .         Gourm    .     c - +0 helmet
rElec  .         Spirit   .     l - +0 cloak
rCorr  .         Warding  .     (no gloves)
rMut   .         Stasis   .     (no boots)
MR     .....                    (no amulet)
Stlth  +.........               (no ring)
                                (no ring)

@: not resistant to hostile enchantments, very unstealthy
A: rough black scales 1, powered by death 1
a: no special abilities


You were on level 2 of the Dungeon.
You were not hungry.

You visited 1 branch of the dungeon, and saw 2 of its levels.

You collected 117 gold pieces.

Inventory:

Hand weapons
 a - a +0 long sword (weapon)
Missiles
 d - 3 throwing nets (quivered)
 g - 7 poisoned needles
Armour
 b - a +0 leather armour (worn)
 c - a +0 helmet (worn)
 l - a +0 cloak (worn)
 n - a +0 shield
Magical devices
 o - a wand of confusion (23)
Scrolls
 m - a scroll of recharging {unknown}
Potions
 e - a potion of might
 j - a potion of invisibility {unknown}
 k - a potion of curing {unknown}
Comestibles
 f - a bread ration
 h - a slice of pizza
 i - a beef jerky
 p - a chunk of flesh


   Skills:
 - Level 2.0 Fighting
 + Level 4.5 Long Blades
 - Level 1.7 Throwing
 - Level 2.6 Dodging


You had 3 spell levels left.
You didn't know any spells.

Dungeon Overview and Level Annotations

Branches:
Dungeon (2/15)

Altars:


Innate Abilities, Weirdness & Mutations

You are partially covered in rough black scales (AC +4, Dex -1).
You can steal the life force of nearby defeated enemies.


Message History

You kill the hobgoblin!
You hit the worm.
The worm is lightly wounded.
The worm bites you!
You hit the worm but do no damage.
The worm is lightly wounded.
You slash the worm!
The worm is moderately wounded.
The worm bites you!
You slash the worm!
The worm is severely wounded.
The worm bites you!
* * * LOW HITPOINT WARNING * * *
You are too injured to fight recklessly!
You are too injured to fight recklessly!
The worm barely misses you.
You hit the worm but do no damage.
The worm is severely wounded.
The worm bites you!
You die...

#.#............ . #.#
#... #.#.#.####..### ##
#...###### #.#.#.#
#..#### #...# #.....# #
.. ..# #...# .....## #. .
#.# #...# .....#
#..#.#.#####...####.#
.....#
#....#...............
...#.#
#....................
.....#
#.......@w...........#
.....#
#.#.##.#####...####.
.....# #.#.##.# #...#
###### #.#.##.# #...#
#.#....#####...#
#.#............#
#........#######
##..#.##.##...##
##########..#.##.#.###.##


You could see a worm.

Vanquished Creatures
  Robin (D:2)
  2 worms (D:2)
  10 bats
  A giant cockroach (D:1)
  6 hobgoblins
  2 jackals (D:1)
  A kobold (D:1)
  3 giant geckos
  12 goblins
  A quokka (D:2)
  7 rats
46 creatures vanquished.

Vanquished Creatures (others)
  A goblin (D:2)
1 creature vanquished.

Grand Total: 47 creatures vanquished

Notes
Turn   | Place    | Note
--------------------------------------------------------------
     0 | D:1      | dysrexia, the Demonspawn Gladiator, began the quest for the Orb.
     0 | D:1      | Reached XP level 1. HP: 16/16 MP: 1/1
   261 | D:1      | Reached skill level 3 in Long Blades
   331 | D:1      | Gained mutation: You are partially covered in rough black scales (AC +4, Dex -1). [demonic ancestry]
   331 | D:1      | Reached XP level 2. HP: 20/22 MP: 2/2
  1011 | D:2      | Reached XP level 3. HP: 23/27 MP: 3/3
  1106 | D:2      | Noticed Robin
  1110 | D:2      | Reached skill level 4 in Long Blades
  1461 | D:2      | Killed Robin
  1778 | D:2      | Gained mutation: You can steal the life force of nearby defeated enemies. [demonic ancestry]
  1778 | D:2      | Reached XP level 4. HP: 29/33 MP: 4/4
  1816 | D:2      | Slain by a worm

Action                   |  1- 3 |  4- 6 || total
-------------------------+-------+-------++-------
Melee: Long sword        |   179 |    12 ||   191
Throw: Throwing net      |     2 |       ||     2
  Use: Scroll            |     2 |       ||     2
  Eat: Chunk             |     3 |       ||     3
